 Dungeon Crawl Stone Soup version 0.21.1-1-g345015fe64 (webtiles) character file.

47 Delanovic the Scratcher (level 3, 0/15 HPs)
             Began as a Felid Transmuter on Apr 23, 2018.
             Slain by an orc
             ... wielding a +0 hand axe
              (3 damage)
             ... on level 3 of the Dungeon.
             The game lasted 00:04:37 (2210 turns).

Delanovic the Scratcher (Felid Transmuter)          Turns: 2210, Time: 00:04:37

Health: 0/15       AC:  1    Str:  6    XL:     3   Next: 48%
Magic:  6/7        EV: 18    Int: 14    God:
Gold:   135        SH:  0    Dex: 17    Spells: 0/6 levels left
                                        Lives:  0   Deaths: 0

rFire    . . .     SeeInvis +     - Unarmed
rCold    . . .     Gourm    .   (shield unavailable)
rNeg     . . .     Faith    .   (armour unavailable)
rPois    .         Spirit   .   (helmet unavailable)
rElec    .         Reflect  .   (cloak unavailable)
rCorr    .         Harm     .   (gloves unavailable)
MR       .....                  (boots unavailable)
Stlth    ++........             (no amulet)
HPRegen  0.05/turn              (no ring)
MPRegen  0.10/turn              (no ring)

@: quick
A: very small, no armour, no weapons or thrown items, stealth, claws 1, fangs 3,
see invisible, carnivore, speed 1, shaggy fur 1, slow metabolism 1, sharp paws
a: no special abilities


You were on level 3 of the Dungeon.
You were hungry.

You visited 1 branch of the dungeon, and saw 3 of its levels.

You collected 135 gold pieces.

Inventory:

Missiles
 a - 12 arrows
Scrolls
 d - 2 scrolls of remove curse
 f - a scroll of amnesia
 g - 3 scrolls of identify
Potions
 e - 2 potions of resistance
Books
 b - a book of Changes

   Spells                             Type                      Level
   a - Beastly Appendage              Transmutation                1
   b - Sticks to Snakes               Transmutation                2
   c - Spider Form                    Transmutation/Poison         3
   d - Ice Form                       Ice/Transmutation            4
   e - Blade Hands                    Transmutation                5
Comestibles
 c - 6 rations


   Skills:
 + Level 1.1 Fighting
 + Level 3.0 Dodging
 - Level 1.0 Stealth
 + Level 3.6 Unarmed Combat
 + Level 2.3 Spellcasting
 + Level 2.8 Transmutations
 + Level 0.2 Poison Magic


You couldn't memorise any spells.
You knew the following spells:

 Your Spells              Type           Power        Failure   Level  Hunger
a - Beastly Appendage     Tmut           #.....       8%          1    #......
b - Sticks to Snakes      Tmut           #.......     11%         2    ###....
c - Spider Form           Tmut/Pois      #.........   36%         3    ###....


Dungeon Overview and Level Annotations

Branches:
Dungeon (3/15)

Altars:


Innate Abilities, Weirdness & Mutations

You cannot wear armour.
You are incapable of wielding weapons or throwing items.
Your paws allow you to move quietly. (Stealth)
You have sharp claws.
You have razor-sharp teeth.
You have supernaturally acute eyesight. (SInv)
You are carnivorous and can eat meat at any time.
You cover ground quickly.
You are covered in fur. (AC +1)
You have a slow metabolism.
Your sharp claws are effective at attacking unaware monsters.


Message History

It was a potion of cancellation.
You feel magically purged.
Your magical contamination has completely faded away.
The orc closely misses you.
Okay, then.
As you read the scroll labeled DABLEB XAHAAR, it crumbles to dust.
You smell sulphur.
It was a scroll of random uselessness.
The orc barely misses you. The orc hits you with a hand axe.
As you read the scroll labeled KEISSU HUMYM, it crumbles to dust.
The creatures around you are filled with an inner flame!
It was a scroll of immolation.
The orc completely misses you. The orc closely misses you.
As you read the scroll labeled SUWUES XIPHYRRIY, it crumbles to dust.
It is a scroll of identify.
f - a scroll of amnesia The orc closely misses you.
The orc hits you with a hand axe.
* * * LOW HITPOINT WARNING * * *
As you read the scroll labeled ATWITE GEX RAE, it crumbles to dust.
You feel blessed for a moment.
It was a scroll of remove curse.
The orc barely misses you. The orc hits you with a hand axe.
You die...

##.########
#.....)oo@#
##.######o#
#.# #.# #.#
#.# #.# #.#
#.#


You could see 3 orcs.

Vanquished Creatures
  2 adders (D:2)
  3 leopard geckos
  An orc (D:3)
  2 giant cockroaches (D:1)
  4 goblins
  3 hobgoblins
  3 bats
  3 frilled lizards
  5 kobolds
  A rat (D:1)
27 creatures vanquished.

Notes
Turn   | Place    | Note
-------+----------+-------------------------------------------
     0 | D:1      | Delanovic the Felid Transmuter began the quest for the Orb.
     0 | D:1      | Reached XP level 1. HP: 9/9 MP: 4/4
   669 | D:1      | Reached XP level 2. HP: 12/12 MP: 4/6
   680 | D:1      | Learned a level 2 spell: Sticks to Snakes
  1357 | D:2      | Reached XP level 3. HP: 4/15 MP: 5/7
  1441 | D:2      | Reached skill level 1 in Stealth
  1524 | D:2      | Learned a level 3 spell: Spider Form
  2210 | D:3      | Slain by an orc

Skill      XL: |  1  2  3 |
---------------+----------+-----
Stealth        | 1 |  1.0
Dodging        | 3 |  3.0
Fighting       | |  1.1
Unarmed Combat | |  3.6
Spellcasting   | |  2.3
Transmutations | |  2.8
Poison Magic   | |  0.2

Action                   || total
-------------------------++-------
Melee: Unarmed           ||    88
       Bite              ||     7
       Headbutt          ||     7
       Punch             ||     1
 Cast: Beastly Appendage ||    11
  Use: Potion            ||     5
       Scroll            ||     4
 Stab: Sleeping          ||     4
  Eat: Chunk             ||     1
Armor: Skin              ||     2
Dodge: Dodged            ||    71
